 Dungeon Crawl Stone Soup version 0.26-a0-639-g72c4674329 (webtiles) character file.

Game seed: 558519481768149750

13177 Arthanis the Cleaver (level 12, 0/120 HPs)
             Began as a Gargoyle Berserker on Sept 19, 2020.
             Was the Champion of Trog.
             Killed from afar by a deep elf mage (6 damage)
             ... with a bolt of lightning
             ... on level 12 of the Dungeon.
             The game lasted 00:17:20 (11649 turns).

Arthanis the Cleaver (Gargoyle Berserker)          Turns: 11649, Time: 00:17:21

Health: 0/120      AC: 27    Str: 18    XL:     12   Next: 3%
Magic:  12/12      EV:  6    Int: 13    God:    Trog [******]
Gold:   165        SH:  0    Dex: 16    Spells: 11/11 levels left

rFire    . . .     SeeInvis .   P - +7 executioner's axe of the Vase {vorpal, Str-3 Dex+7}
rCold    . . .     Faith    .   (shield currently unavailable)
rNeg     + . .     Spirit   .   k - +0 plate armour
rPois    ∞         Reflect  .   n - +2 helmet
rElec    +         Harm     .   (no cloak)
rCorr    .         Rampage  .   (no gloves)
MR       ++...                  D - +1 pair of boots
Stlth    ..........             (no amulet)
HPRegen  1.30/turn              Q - +4 ring of slaying
MPRegen  0.13/turn              y - ring of flight

@: berserking, regenerating, very quick
A: negative energy resistance 1, electricity resistance, unbreathing,
petrification resistance, rot immunity, AC +8
a: Berserk, Trog's Hand, Brothers in Arms, Renounce Religion, Evoke Flight


You were on level 12 of the Dungeon.
You worshipped Trog.
Trog was exalted by your worship.
You visited 1 branch of the dungeon, and saw 12 of its levels.
You also visited: Bailey.

You collected 899 gold pieces.
You spent 734 gold pieces at shops.

Inventory:

Hand Weapons
 a - a +0 hand axe
 i - a +2 antimagic battleaxe
 C - a +2 war axe of draining
 F - a +1 flail of draining
 I - a +0 trident
 P - the +7 executioner's axe of the Vase (weapon) {vorpal, Str-3 Dex+7}
   (Trog gifted it to you on level 11 of the Dungeon)

   It inflicts extra damage upon your enemies.
   It affects your strength (-3).
   It affects your dexterity (+7).
Armour
 b - a +0 animal skin
 k - a +0 plate armour (worn)
 n - a +2 helmet (worn)
 q - the +8 chain mail "Aler" {Harm rPois rC- Dex+7}
   (You found it in a bailey)

   It affects your dexterity (+7).
   It makes you vulnerable to cold.
   It protects you from poison.
   It increases damage dealt and taken.
 r - a +0 pair of boots
 D - a +1 pair of boots (worn)
Jewellery
 e - an uncursed ring of stealth
 y - a ring of flight (right hand)
 Q - a +4 ring of slaying (left hand)
Wands
 l - a wand of flame (44)
 H - a wand of polymorph (8)
 R - a wand of paralysis (11)
Scrolls
 c - 4 scrolls of blinking
 g - 6 scrolls of remove curse
 h - 12 scrolls of teleportation
 m - 3 scrolls of enchant weapon
 s - 4 scrolls of fog
 w - a scroll of noise
 E - 2 scrolls of amnesia
 J - 2 scrolls of vulnerability
 L - a scroll of fear
 M - a scroll of random uselessness
Potions
 d - 4 potions of cancellation
 f - 3 potions of heal wounds
 j - 2 potions of magic
 o - 2 potions of mutation
 p - a potion of flight {unknown}
 t - 2 potions of might
 u - 2 potions of stabbing
 v - 4 potions of curing
 x - a potion of ambrosia {unknown}
 z - a potion of lignification {unknown}
 A - 3 potions of degeneration
 B - 4 potions of brilliance
 G - a potion of haste
 K - 4 potions of resistance
 O - a potion of berserk rage


   Skills:
 + Level 11.4 Fighting
 * Level 13.1 Axes
 - Level 6.0 Armour
 - Level 2.0 Dodging
 + Level 4.4 Evocations


You had 11 spell levels left.
You didn't know any spells.
Your spell library contained the following spells:

 Spells                   Type           Power        Failure   Level
 Corona                   Hex            #......      100%        1
 Ensorcelled Hibernation  Hex/Ice        #.....       100%        2
 Confusing Touch          Hex            #.......     100%        3
 Dazzling Flash           Conj/Hex       #.....       100%        3
 Tukima's Dance           Hex            #.......     100%        3
 Summon Demon             Summ           #.........   100%        5
 Summon Forest            Summ/Tloc      #.........   100%        5
 Summon Mana Viper        Hex/Summ       #.......     100%        5
 Shadow Creatures         Summ           N/A          100%        6
 Summon Hydra             Summ           #.........   100%        7


Dungeon Overview and Level Annotations

Branches:
Dungeon (12/15)            Temple (0/1) D:4            Lair (0/6) D:9
    Orc (0/2) D:10         Bailey (visited)

Altars:
Hepliaklqana
Kikubaaqudgha
Nemelex Xobeh
Ru
Trog

Shops:
D:10 ?*(?[   D:11 :=!

Annotations:
D:11 1 runed translucent door, Lanoc's ghost, journeyman TrDe


Innate Abilities, Weirdness & Mutations

You are resistant to torment.
Your stone body is resilient. (AC +8)
You are immune to poison.
You resist negative energy. (rN+)
You are resistant to electric shocks. (rElec)
You can survive without breathing.
You are immune to petrification.
You are immune to rotting.


Message History

* * * LOW HITPOINT WARNING * * *
Found 14 gold pieces.
Found an escape hatch in the floor.
Items here: ( ) [ †.
A red film seems to cover your vision as you go berserk!
You feel yourself moving faster!
You feel mighty!
The deep elf mage gestures at you while chanting.
The bolt of lightning hits you. You resist.
* * * LOW HITPOINT WARNING * * *
The bolt of lightning hits you! You resist.
* * * LOW HITPOINT WARNING * * *
The cyclops throws a large rock.
The large rock hits you.
* * * LOW HITPOINT WARNING * * *
You feel a strong urge to attack something.
You slice the deep elf mage!!
The deep elf mage is almost dead.
You slice the cyclops!! The cyclops hits you!
* * * LOW HITPOINT WARNING * * *
The deep elf mage points at you and mumbles some strange words.
The bolt of lightning hits you. You resist.
You die...

#### .# .##### )....##
......## #########
.......# ##....<...
.......########.........
.................C....$.
.......####.##.(@e......
.#...#...##.##(.........
########.##.(....?......
#.........##..........
#.####..#####.......>.
##.. ##........ ##.#
#####.### .. .# ##.


You could see a cyclops and a deep elf mage.

Vanquished Creatures
  Harold (D:9)
  A hydra (D:11)
  Erolcha (D:9)
  4 two-headed ogres (D:11)
  An orc knight (Bailey)
  An ugly thing (D:11)
  A centaur skeleton (D:11)
  Maggie (D:6)
  A komodo dragon (D:9)
  A hornet (D:8)
  A troll (D:10)
  A water moccasin (D:9)
  11 orc warriors
  8 ogres
  3 necrophages
  6 centaurs
  2 crocodiles
  5 big kobolds (D:10)
  9 bullfrogs
  6 scorpions
  A water moccasin skeleton (D:8)
  18 killer bees
  4 wights
  A bullfrog zombie (D:12)
  4 hounds
  8 orc priests
  A bullfrog skeleton (D:6)
  3 quasits
  3 iguanas
  11 orc wizards
  10 worker ants
  A killer bee zombie (D:9)
  3 worker ant zombies
  A howler monkey zombie (D:9)
  13 adders
  6 gnolls
  A howler monkey skeleton (D:4)
  2 shadow imps
  3 white imps
  An ufetubus (D:8)
  2 oozes
  A worm (D:2)
  A leopard gecko (D:3)
  46 orcs
  A ball python (D:7)
  6 bats
  4 giant cockroaches
  11 goblins
  16 hobgoblins
  24 jackals
  34 kobolds
  9 quokkas
  A frilled lizard (D:1)
  2 jackal skeletons
  A leopard gecko zombie (D:6)
  9 rats
328 creatures vanquished.

Vanquished Creatures (others)
  9 plants (D:9)
9 creatures vanquished.

Grand Total: 337 creatures vanquished

Notes
Turn   | Place    | Note
-------+----------+-------------------------------------------
     0 | D:1      | Arthanis the Gargoyle Berserker began the quest for the
                  | Orb.
     0 | D:1      | Reached XP level 1. HP: 14/14 MP: 1/1
   447 | D:1      | Reached XP level 2. HP: 14/19 MP: 2/2
   833 | D:1      | Reached skill level 3 in Axes
  1212 | D:2      | Reached XP level 3. HP: 14/23 MP: 3/3
  1958 | D:2      | Reached ** piety under Trog
  1993 | D:2      | Reached XP level 4. HP: 29/29 MP: 4/4
  2453 | D:3      | Found a faded altar of an unknown god.
  2880 | D:3      | Reached XP level 5. HP: 33/33 MP: 5/5
  2937 | D:3      | Reached *** piety under Trog
  3195 | D:4      | Reached skill level 4 in Axes
  3224 | D:4      | Found an ancient bone altar of Kikubaaqudgha.
  3273 | D:4      | Reached XP level 6. HP: 38/39 MP: 6/6
  3895 | D:4      | Found a staircase to the Ecumenical Temple.
  4172 | D:5      | Entered Level 5 of the Dungeon
  4481 | D:5      | Reached skill level 5 in Armour
  4481 | D:5      | Reached XP level 7. HP: 42/44 MP: 7/7
  4934 | D:6      | Reached skill level 5 in Axes
  4975 | D:6      | Reached skill level 5 in Fighting
  5157 | D:6      | Noticed Maggie
  5187 | D:6      | Killed Maggie
  5187 | D:6      | Reached XP level 8. HP: 50/50 MP: 8/8
  5403 | D:6      | Reached skill level 6 in Axes
  5893 | D:6      | Reached skill level 7 in Axes
  6208 | D:7      | Reached **** piety under Trog
  6333 | D:7      | Reached XP level 9. HP: 56/56 MP: 9/9
  6437 | D:7      | Reached skill level 8 in Axes
  6437 | D:7      | Reached skill level 1 in Evocations
  7121 | D:8      | Noticed a hornet
  7135 | D:8      | Killed a hornet
  7357 | D:8      | Reached skill level 9 in Axes
  7492 | D:8      | You fall into a shaft and drop 1 floor!
  7668 | D:8      | Found a sparkling altar of Nemelex Xobeh.
  7668 | D:8      | Found a hazy altar of Hepliaklqana.
  7669 | D:8      | Found a sacrificial altar of Ru.
  7789 | D:9      | Reached XP level 10. HP: 46/64 MP: 10/10
  7911 | D:9      | Found a staircase to the Lair.
  8221 | D:9      | Noticed Harold
  8237 | D:9      | Killed Harold
  8237 | D:9      | Reached skill level 10 in Axes
  8260 | D:9      | Found a bloodstained altar of Trog.
  8447 | D:9      | Noticed Erolcha
  8461 | D:9      | Killed Erolcha
  8461 | D:9      | Reached ***** piety under Trog
  8992 | D:10     | Entered Level 10 of the Dungeon
  9002 | D:10     | Found Eluol's Magic Scroll Shop.
  9055 | D:10     | Found Buysuv's Armour Boutique.
  9069 | D:10     | Found Linkyl's Weapon Shop.
  9077 | D:10     | Found Iwkiocur's General Store.
  9098 | D:10     | Found a flagged portal.
  9103 | Bailey   | Entered a bailey
  9115 | Bailey   | Noticed an orc knight
  9211 | Bailey   | Reached skill level 11 in Axes
  9246 | Bailey   | Killed an orc knight
  9269 | Bailey   | Reached XP level 11. HP: 64/72 MP: 9/11
  9362 | Bailey   | Got a ruby-encrusted chain mail
  9401 | Bailey   | Identified the +8 chain mail "Aler" {Harm rPois rC- Dex+7}
                  | (You found it in a bailey)
  9415 | D:10     | Bought 3 scrolls of identify for 84 gold pieces
  9415 | D:10     | Bought a scroll of teleportation for 42 gold pieces
  9492 | D:10     | Reached skill level 10 in Fighting
  9614 | D:10     | Found a staircase to the Orcish Mines.
  9892 | D:10     | Bought a scroll of teleportation for 33 gold pieces
  9892 | D:10     | Bought a scroll of teleportation for 33 gold pieces
  9892 | D:10     | Bought a scroll of teleportation for 33 gold pieces
  9892 | D:10     | Bought a scroll of teleportation for 33 gold pieces
  9892 | D:10     | Bought a scroll of fear for 38 gold pieces
 10028 | D:10     | Found Piqipt's Magic Scroll Emporium.
 10036 | D:10     | Bought a scroll of identify for 34 gold pieces
 10036 | D:10     | Bought a scroll of identify for 34 gold pieces
 10036 | D:10     | Bought a scroll of teleportation for 51 gold pieces
 10036 | D:10     | Bought a scroll of teleportation for 51 gold pieces
 10036 | D:10     | Bought a scroll of identify for 34 gold pieces
 10036 | D:10     | Bought a scroll of fog for 34 gold pieces
 10326 | D:11     | Found Jefeiji's Jewellery Shop.
 10341 | D:11     | Found Futiemic's Distillery.
 10341 | D:11     | Noticed a four-headed hydra
 10341 | D:11     | Noticed a two-headed ogre
 10358 | D:11     | Killed a four-headed hydra
 10358 | D:11     | Reached ****** piety under Trog
 10358 | D:11     | Reached skill level 12 in Axes
 10366 | D:11     | Killed a two-headed ogre
 10472 | D:11     | Bought a potion of curing for 30 gold pieces
 10472 | D:11     | Bought a potion of might for 40 gold pieces
 10472 | D:11     | Bought a potion of berserk rage for 50 gold pieces
 10472 | D:11     | Bought a potion of mutation for 80 gold pieces
 10510 | D:11     | Received a gift from Trog
 10513 | D:11     | Got a scorched executioner's axe {god gift}
 10514 | D:11     | Identified the +7 executioner's axe of the Vase {vorpal,
                  | Str-3 Dex+7} (Trog gifted it to you on level 11 of the
                  | Dungeon)
 10575 | D:11     | Noticed a two-headed ogre
 10582 | D:11     | Killed a two-headed ogre
 10601 | D:11     | Noticed a two-headed ogre
 10601 | D:11     | Noticed a two-headed ogre
 10608 | D:11     | Killed a two-headed ogre
 10609 | D:11     | Killed a two-headed ogre
 10873 | D:11     | Found a runed translucent door.
 10874 | D:11     | Noticed Lanoc's ghost (journeyman TrDe)
 11192 | D:11     | Found Acyekh's Book Shoppe.
 11216 | D:11     | Noticed a white ugly thing
 11221 | D:11     | Killed a white ugly thing
 11221 | D:11     | Reached skill level 13 in Axes
 11221 | D:11     | Reached XP level 12. HP: 27/80 MP: 12/12
 11649 | D:12     | HP: 6/120 [cyclops (15)]
 11649 | D:12     | Killed from afar by a deep elf mage

Illustrated notes

Levels and vault maps discovered:
D:1:      lemuel_arrival_room, layout_basic
D:2:      layout_loops_cross, grunt_ministairs_4, chequers_decorated_corner,
          nicolae_underground_beach
D:3:      layout_basic, chequers_ecumenical_altar_island
D:4:      layout_gridville, lemuel_doored_altar,
          minmay_temple_entry_enclosed_plants
D:5:      layout_basic
D:6:      layout_basic, minmay_fractal_squares_gapless_5, uniq_maggie
D:7:      layout_loops_ring
D:8:      layout_loops_cross, gammafunk_temple_overflow_claw
D:9:      layout_gridville, david_lair_shrubbed, trog_book, uniq_harold,
          uniq_erolcha
D:10:     layout_long_grid, kennysheep_orc_monster_closet_entryway,
          enter_bailey_3, serial_shops, shop, kennysheep_mini, shop_scrolls,
          nicolae_shop_waterfront, nicolae_shop_stone
D:11:     layout_loops_cross, serial_shops, nicolae_shop_stone, shop,
          shop_fountains, hellmonk_ghost_happy_afterlife,
          minmay_fractal_squares_5
D:12:     layout_rooms

Skill      XL: |  1  2  3  4  5  6  7  8  9 10 11 |
---------------+----------------------------------+-----
Axes           | 3 4 5 7 9 11 13 | 13.1
Dodging        | 2 |  2.0
Armour         | 3 4 5 6 |  6.0
Fighting       | 4 5 6 8 9 11 | 11.4
Evocations     | 3 4 |  4.4

Action                   |  1- 3 |  4- 6 |  7- 9 | 10-12 || total
-------------------------+-------+-------+-------+-------++-------
Melee: Hand axe          |   116 |   209 |    66 |       ||   391
       War axe           |       |       |   242 |   186 ||   428
       Trident           |       |       |       |   110 ||   110
       Battleaxe         |       |       |       |    81 ||    81
       Executioner's axe |       |       |       |    42 ||    42
       Flail             |       |       |       |    22 ||    22
Invok: Berserk           |     1 |     2 |     6 |     9 ||    18
       Trog's Hand       |       |       |     2 |     3 ||     5
 Abil: Evoke Flight      |       |       |       |     3 ||     3
  Use: Scroll            |       |       |     4 |    15 ||    19
Armor: Animal skin       |    61 |       |       |       ||    61
       Plate armour      |       |   230 |   291 |   317 ||   838
       Chain mail        |       |       |       |    34 ||    34
Dodge: Dodged            |    82 |   101 |   162 |   218 ||   563

Table legend: (Time is in decaauts)
 A = Elapsed time spent in this place.
 B = Non-inter-level travel time spent in this place.
 C = Inter-level travel time spent in this place.
 D = Time resting spent in this place.
 E = Time spent auto-exploring this place.
 F = Levels seen in this place.
 G = Mean time per level.
                   A        B        C        D        E       F      G
               +--------+--------+--------+--------+--------+-----+--------+
         Total |  11850 |  11445 |    405 |      0 |   9337 |  13 |  911.5 |
       Dungeon |  11560 |  11155 |    405 |      0 |   9337 |  12 |  963.3 |
        Bailey |    290 |    290 |      0 |      0 |      0 |   1 |  290.0 |
               +--------+--------+--------+--------+--------+-----+--------+

Top non-repeatable levels by time:
     D:2: 1427 daAuts
     D:9: 1315 daAuts
    D:11: 1299 daAuts
     D:6: 1117 daAuts
    D:10: 1058 daAuts
     D:1: 1042 daAuts
     D:4: 1040 daAuts
     D:8: 920 daAuts
     D:7: 847 daAuts
     D:5: 720 daAuts
     D:3: 719 daAuts
  Bailey: 290 daAuts
    D:12: 52 daAuts
